AoeStats
← miguelon01

Arena

508321480Analyzed
4v4 RM · 10d ago on Sep 21, 2026· 29m 59s· 8 players
Game mode
Random Map
Map size
Large (8 player)
Population
200
Speed
Normal
Resources
Standard
Victory
Conquest
Starting age
Dark Age
Ending age
Imperial Age
RankedLock teamsTeams togetherTeam positionsShared explorationLock speedFull tech treeHidden civsTurbo modeCheats
Victory
Defeat
🇧🇷 Malay · Brazil
1156
+16
🇺🇸 Khmer · United States
1149
+16
🇩🇪 Burgundians · Germany
1136
+17
🇮🇹 Cumans · Italy
1132
+17
🇺🇸 Turks · United States
1203
-18
🇧🇷 Japanese · Brazil
1181
-19
🇦🇷 Italians · Argentina
1116
-15
🇺🇸 Goths · United States
1093
-14
General Ganja
9:59 Feudal Age
13:56 Castle Age
11:59 Double-Bit Axe
13:03 Horse Collar
15:32 Bow Saw
16:42 Heavy Plow
19:46 Wheelbarrow
23:23 Loom
28:19 Imperial Age
27:24 Wheelbarrow
SchlosserJoe
10:49 Feudal Age
11:53 Loom
15:26 Castle Age
13:58 Double-Bit Axe
14:09 Horse Collar
28:13 Wheelbarrow
32:48 Imperial Age
Tikka Masala
9:53 Feudal Age
12:07 Double-Bit Axe
15:34 Horse Collar
18:39 Loom
21:19 Castle Age
19:40 Bloodlines
20:48 Wheelbarrow
23:28 Bow Saw
22:43 Capped Ram
30:38 Hand Cart
miguelon01
11:46 Feudal Age
13:59 Double-Bit Axe
17:38 Castle Age
15:58 Stone Mining
16:59 Gold Mining
16:52 Horse Collar
22:45 Loom
25:37 Forging
28:26 Wheelbarrow
28:11 Fletching
30:29 Iron Casting
Sun Tzu
11:47 Feudal Age
15:56 Castle Age
13:48 Double-Bit Axe
14:53 Loom
15:16 Horse Collar
17:29 Town Watch
19:45 Bow Saw
25:16 Heavy Plow
Quack Y Attack
8:02 Loom
10:06 Feudal Age
14:12 Castle Age
13:04 Double-Bit Axe
13:31 Horse Collar
19:54 Stone Mining
21:04 Bow Saw
23:00 Scale Mail Armor
23:57 Wheelbarrow
25:17 Anarchy
26:10 Chain Mail Armor
26:09 Forging
26:47 Squires
alwinmonteiro
9:46 Feudal Age
15:09 Castle Age
14:53 Stone Mining
15:07 Horse Collar
16:47 Loom
16:52 Double-Bit Axe
25:01 Scale Mail Armor
25:13 Forging
26:38 Chain Mail Armor
27:17 Bow Saw
30:05 Iron Casting
水泊梁山
10:59 Feudal Age
14:58 Castle Age
15:35 Double-Bit Axe
15:32 Horse Collar
17:32 Gold Mining
18:31 Loom
23:26 Wheelbarrow
22:38 Town Watch
23:33 Bloodlines
27:09 Bow Saw
27:49 Silk Road
29:09 Fletching
29:19 Padded Archer Armor
29:30 Forging
29:20 Scale Mail Armor
Connection lost

Rejoining the realm…

Still unreachable

The connection could not be restored.

Session expired

The server has moved on; the page needs a fresh start.